[Event "*** Titled Tuesday Blitz"]
[Site "Chess.com"]
[Date "2021.03.02"]
[Round "11"]
[White "Parhamov"]
[Black "Zkid"]
[Result "1-0"]
[WhiteElo "2913"]
[BlackElo "2854"]
[TimeControl "180+1"]
[EndTime "12:09:47 PST"]
[Termination "Parhamov won on time"]

1. c4 e5 2. g3 Nc6 3. Bg2 g6 4. Nc3 Bg7 5. e3 f5 6. Nge2 Nf6 7. O-O O-O 8. Rb1 a5 9. a3 d6 10. b4 axb4 11. axb4 Ne7 12. b5 g5 13. f4 h6 14.
d3 Ng6 15. Qb3 Kh7 16. Bd2 exf4 17. exf4 gxf4 18. Nxf4 Nxf4 19. Bxf4 Nh5 20. Ne2 Re8 21. Bf3 Nf6 22. Rbe1 Ng4 23. Nc3 Ne5 24. Bh5 Rf8 25. Ne2 Bd7 26. Be3 Ng4 27. Bxg4 fxg4 28. Bd4 Rxf1+ 29.
Rxf1 Bxd4+ 30. Nxd4 Qe7 31. Qb2 Qe3+ 32. Qf2 Qxf2+ 33. Kxf2 Kg6 34. Ke3 Ra2 35. Rf2 Ra1 36. Ne2 c6 37. bxc6 bxc6 38. Kd4 Kg7 39. Nc3 c5+ 40. Kd5 Ra3 41. Rc2 Ra6 42. Nb5 Bc6+ 43. Ke6 Rb6 44. Nxd6 Kg6 45. Nc8 Ra6 46. Ne7+ Kg5 47.
Nxc6 Rxc6+ 48. Kd5 Rc8 49. Re2 Rd8+ 50. Kxc5 Rxd3 51.
Rc2 h5 52. Kb6 Rb3+ 53. Ka5 h4 54. gxh4+ Kxh4 55. c5 1-0

[Event "*** Titled Tuesday Blitz"]
[Site "Chess.com"]
[Date "2021.03.02"]
[Round "11"]
[White "FLamps8"]
[Black "blitis"]
[Result "1-0"]
[WhiteElo "2672"]
[BlackElo "2551"]
[TimeControl "180+1"]
[EndTime "12:09:47 PST"]
[Termination "FLamps8 won by resignation"]

1. d4 g6 2. Nc3 Bg7 3. e4 c6 4. Nf3 d5 5. h3 dxe4 6. Nxe4 Nd7 7. Bc4 Ngf6 8. Nxf6+ Nxf6 9. O-O O-O 10. c3 Nd5 11. Re1 Bf5 12. Bg5 Re8 13. Qd2 Qd6 14. Bh4 Rad8 15. Bg3 Qd7 16. Ne5 Qc8 17. Qe2 Be6 18.
Bb3 a6 19. Nd3 b6 20. Nf4 Nxf4 21. Bxf4 Bxb3 22. axb3 a5 23. Be5 Bxe5 24. Qxe5 Qf5 25. Qxf5 gxf5 26. Re5 e6 27. Ra4 Rd5 28. Rxd5 cxd5 29. b4 axb4 30. Rxb4 Rb8 31. g3 Kf8 32. Kg2 Ke7 33. Kf3 Kd6 34. Ra4 Rb7 35. Kf4 f6 36. Ra8 b5 37. Rd8+ Ke7 38. Rh8 Kd6 39. g4 fxg4 40. Kxg4 b4 41. f4 bxc3 42. bxc3 Rc7 43. h4 Rxc3 44. Rxh7 Rd3 45. h5 Rxd4 46. h6 e5 47. Rh8 Rxf4+ 48. Kg3 Rf5 49. h7 Rh5 50.
Rd8+ Kc5 51. h8=Q Rxh8 52. Rxh8 f5 53. Rh5 f4+ 54. Kf3 Kd4 55. Rg5 e4+ 56. Kxf4 Kc4 57. Ke3 d4+ 58. Kxe4 d3 59. Rd5 1-0

[Event "*** Titled Tuesday Blitz"]
[Site "Chess.com"]
[Date "2021.03.02"]
[Round "11"]
[White "pfalcon1949"]
[Black "JiiHart"]
[Result "1-0"]
[WhiteElo "2033"]
[BlackElo "2063"]
[TimeControl "180+1"]
[EndTime "12:09:47 PST"]
[Termination "pfalcon1949 won on time"]

1. d4 Nf6 2. c4 e6 3. Nc3 c5 4. d5 exd5 5. cxd5 d6 6. Nf3 g6 7.
Bf4 Bg7 8. e3 a6 9. a4 O-O 10. Be2 Bg4 11. O-O Re8 12. h3 Bxf3 13. Bxf3 Qc7 14. a5 Nbd7 15. g3 Ne5 16. Bg2 Nh5 17.
Bxe5 Bxe5 18. Qc2 b5 19. axb6 Qxb6 20. Bf3 Ng7 21. Bg2 Reb8 22. Rab1 Qb3 23. Qd3 Rb4 24. f4 Bf6 25. Rfd1 Qc4 26. Ne4 Be7 27. Qd2 Nf5 28. g4 Nh4 29. Rdc1 Qb5 30. Nc3 Qb7 31. e4 Nxg2 32.
Qxg2 Rb8 33. Rc2 Bf6 34. Nd1 a5 35. g5 Bd4+ 36. Kh1 a4 37. f5 a3 38. f6 axb2 39.
Nxb2 Rxb2 40. Rcxb2 Bxb2 41. Qf2 Qc8 42. Qh4 Kh8 43.
Qh6 Qg8 44. Qh4 c4 45. Qg3 c3 46. Qxd6 Qf8 47. Qc6 Qe8 48. Qc4 Rc8 49. Qd3 Qe5 50.
Qc2 Re8 51. Re1 Qd4 52. Re2 1-0

[Event "*** Titled Tuesday Blitz"]
[Site "Chess.com"]
[Date "2021.03.02"]
[Round "11"]
[White "serhanberat_ozdemir"]
[Black "olksuna"]
[Result "0-1"]
[WhiteElo "2561"]
[BlackElo "2687"]
[TimeControl "180+1"]
[EndTime "12:09:48 PST"]
[Termination "olksuna won on time"]

1. e4 c5 2. Nf3 e6 3. c3 Nf6 4. e5 Nd5 5. d4 cxd4 6. cxd4 d6 7.
a3 Bd7 8. Bd3 Bc6 9. O-O Nd7 10.
Nbd2 Qc7 11. b4 a6 12. Nc4 Rc8 13. Bg5 b5 14. exd6 Bxd6 15. Nxd6+ Qxd6 16. Rc1 O-O 17. Qe2 Nf4 18. Bxf4 Qxf4 19. Qe3 Qd6 20. Ne5 Bb7 21. Be4 Bxe4 22. Qxe4 Nf6 23. Qe3 h6 24. Rc5 Nd7 25.
Nxd7 Qxd7 26. Qc3 Rfd8 27. Rd1 Rxc5 28. Qxc5 Rc8 29. Qb6 Qc6 30. Qa7 Rc7 31. Qb8+ Kh7 32. g3 Rd7 33. Qe5 Rd5 34. Qe4+ g6 35. Qf4 Qd7 36.
Qe3 e5 37. Kg2 Rxd4 38. Re1 Qd5+ 39. Qf3 Qxf3+ 40. Kxf3 Rd3+ 41. Re3 Rxe3+ 42. Kxe3 f5 43. f4 e4 44. Kd4 Kg7 45. h3 Kf6 46. g4 g5 0-1

[Event "*** Titled Tuesday Blitz"]
[Site "Chess.com"]
[Date "2021.03.02"]
[Round "11"]
[White "MrChampion_Coach"]
[Black "Chernobay_Artem"]
[Result "0-1"]
[WhiteElo "2492"]
[BlackElo "2624"]
[TimeControl "180+1"]
[EndTime "12:09:48 PST"]
[Termination "Chernobay_Artem won by checkmate"]

1. d4 Nf6 2. c4 c5 3. d5 b5 4. cxb5 a6 5. bxa6 g6 6. Nc3 Bg7 7. e4 O-O 8. a7 Rxa7 9. Nf3 d6 10. Be2 Ba6 11. O-O Nbd7 12. Re1 Qb6 13. Qc2 Rb8 14. a4 Qb3 15. Bd1 Qxc2 16. Bxc2 c4 17. Be3 Rab7 18. Nb5 Bxb5 19. axb5 Rxb5 20. Nd4 Rxb2 21. Nc6 Rxc2 22. Nxb8 Nxb8 23. Ra8 Rb2 24. Rc1 Nd7 25. Rxc4 f5 26. exf5 gxf5 27. h4 Kf7 28. Rc8 Be5 29. g3 h5 30. Kg2 e6 31. dxe6+ Kxe6 32. Ba7 Na6 33. Kh3 Nb4 34. f4 Bf6 35. Re8+ Kf7 36. Rec8 Nd5 37.
Bg1 Rb3 38. Ra7 Ke7 39. Kh2 Rb2+ 40. Kh1 Bc3 41. Ra3 Bb4 42. Rd3 N5f6 43. Rd1 Ne4 44.
Rc4 Nxg3# 0-1

[Event "*** Titled Tuesday Blitz"]
[Site "Chess.com"]
[Date "2021.03.02"]
[Round "11"]
[White "Matensien"]
[Black "indfraeng"]
[Result "0-1"]
[WhiteElo "2471"]
[BlackElo "2409"]
[TimeControl "180+1"]
[EndTime "12:09:48 PST"]
[Termination "indfraeng won on time"]

1. d4 d5 2. c4 c6 3. Nf3 Nf6 4. Nc3 e6 5. Bg5 Nbd7 6. e3 Qa5 7. cxd5 Nxd5 8. Qd2 Bb4 9. Rc1 h6 10. Bh4 c5 11. a3 Bxc3 12. bxc3 Qxa3 13. Bd3 O-O 14. O-O Qa4 15. Ra1 Qc6 16. Rfb1 c4 17. Bc2 b5 18. e4 N5f6 19. Qe3 Bb7 20. e5 Ne8 21. Be7 Nc7 22. Bxf8 Kxf8 23. Qd2 a5 24. Ne1 Nd5 25. Be4 N7b6 26. f3 Qd7 27. Nc2 Na4 28. Bxd5 Bxd5 29. Na3 Bc6 30. Qc2 Kg8 31. h3 Nb6 32. Qb2 Nd5 33.
Nxb5 Rb8 34. Rxa5 Nc7 35. Qb4 Rxb5 36. Rxb5 Bxb5 37. Qc5 Kh7 38. Ra1 Qc6 39. Qe7 Nd5 40. Qxf7 Qd7 41. Qf8 Qe8 42. Qc5 Nxc3 43. Ra7 Nd5 44. Qd6 c3 45. Qc5 Qc6 46. Qf8 Nc7 47.
Qe7 c2 48. Rxc7 c1=Q+ 49. Kh2 Qxc7 50. Qxe6 Qf4+ 0-1

[Event "*** Titled Tuesday Blitz"]
[Site "Chess.com"]
[Date "2021.03.02"]
[Round "11"]
[White "Fiona"]
[Black "Taktikmonster"]
[Result "0-1"]
[WhiteElo "2269"]
[BlackElo "2372"]
[TimeControl "180+1"]
[EndTime "12:09:48 PST"]
[Termination "Taktikmonster won on time"]

1. e4 c5 2. Nc3 Nc6 3. f4 g6 4.
Nf3 Bg7 5. Bb5 Nd4 6. O-O e6 7. e5 a6 8. Bd3 d5 9. Nxd4 cxd4 10. Ne2 Qb6 11. b3 Ne7 12. Bb2 Nc6 13. Qe1 f6 14.
Qf2 O-O 15. Nxd4 fxe5 16. Nxc6 Qxc6 17. Qh4 e4 18. Bxg7 Kxg7 19. Be2 Qc5+ 20. Kh1 Bd7 21. c3 Rf6 22. Qg5 Qd6 23. h4 Raf8 24. g3 h5 25. Qe5 Qxe5 26. fxe5 Rf5 27. d4 exd3 28. Bxd3 Rxe5 29. Rxf8 Kxf8 30. Bxg6 Be8 31. Rf1+ Ke7 32. Bxe8 Kxe8 33. Kg2 Re3 34. Rf3 Re2+ 35. Rf2 Re3 36. Rf3 Re2+ 37. Rf2 Rxf2+ 38. Kxf2 e5 39. Kf3 Kf7 40.
g4 hxg4+ 41. Kxg4 Kg6 42. h5+ Kh6 43. c4 d4 44. Kf3 Kxh5 45. b4 Kg5 46. a4 Kf5 47. b5 a5 48. c5 e4+ 49. Ke2 Ke5 50.
b6 Kd5 0-1

[Event "*** Titled Tuesday Blitz"]
[Site "Chess.com"]
[Date "2021.03.02"]
[Round "11"]
[White "HrvojeZagreb"]
[Black "HouseOfDurin"]
[Result "1/2-1/2"]
[WhiteElo "2254"]
[BlackElo "2173"]
[TimeControl "180+1"]
[EndTime "12:09:48 PST"]
[Termination "Game drawn - insufficient material"]

1. d4 Nf6 2. Bf4 c5 3. e3 cxd4 4. exd4 g6 5. Nc3 Bg7 6. Qd2 O-O 7. O-O-O d5 8. Bh6 Ne4 9. Nxe4 dxe4 10. h4 Nc6 11.
Bxg7 Kxg7 12. h5 Qa5 13. Qxa5 Nxa5 14. Rh4 f5 15. hxg6 hxg6 16. d5 b6 17. d6 exd6 18.
Rxd6 Nb7 19. Rc6 Nc5 20. b4 Ne6 21. Bc4 Kf6 22. Ne2 Bd7 23. Rd6 Ke7 24. Rd2 Rh8 25.
Rxh8 Rxh8 26. Bxe6 Bxe6 27. Kb2 Rh2 28. Nf4 Bf7 29. g3 e3 30. Re2 Rxf2 31. Rxe3+ Kf6 32. Nd3 Rg2 33. b5 Bc4 34. a4 g5 35. Ne5 Be6 36.
Nc6 f4 37. gxf4 gxf4 38. Rc3 Rg3 39. Nxa7 Rxc3 40. Kxc3 f3 41. Kd2 Ke5 42. Ke3 Bf5 43. c4 Bc2 44. Nc8 Bxa4 45. Nxb6 Bb3 46. c5 Bd1 47. c6 Kd6 48. Nc4+ Kc7 49. Ne5 Ba4 50.
Nxf3 Bxb5 51. Nd4 Bxc6 1/2-1/2

[Event "*** Titled Tuesday Blitz"]
[Site "Chess.com"]
[Date "2021.03.02"]
[Round "11"]
[White "SlavenPastar"]
[Black "Niktlt"]
[Result "0-1"]
[WhiteElo "2562"]
[BlackElo "2422"]
[TimeControl "180+1"]
[EndTime "12:09:49 PST"]
[Termination "Niktlt won on time"]

1. b3 e5 2. Bb2 Nc6 3. Nf3 Bd6 4. d4 e4 5. Ne5 Nf6 6. e3 O-O 7. Nd2 Qe7 8. Ndc4 a5 9. Be2 a4 10.
Nxd6 cxd6 11. Nc4 d5 12. Nd2 a3 13. Bc1 d6 14. c3 g6 15. Nb1 h5 16. Nxa3 Kg7 17. Nb5 Bg4 18. a4 Bxe2 19. Qxe2 Ng4 20. Ba3 Rad8 21. h3 Nh6 22. O-O f5 23. c4 f4 24.
exf4 dxc4 25. d5 Nb8 26. bxc4 Rxf4 27. Qb2+ Kh7 28. Rab1 Rf7 29. Nd4 Rc8 30. Qe2 Qe5 31. Bb2 Qf4 32. Ne6 Qh4 33. Qxe4 Qxe4 34. Ng5+ Kg8 35.
Nxe4 Nf5 36. Rfc1 Rfc7 37. g4 hxg4 38. hxg4 Nh4 39. Nxd6 Rf8 40. c5 Nd7 41. Ne4 Rf4 42. d6 Rc6 43. Rc4 Nf3+ 44. Kg2 g5 45. Nxg5 Rxc4 46.
Nxf3 Rxg4+ 47. Kh3 Rb4 48. Rg1+ Kf8 49. Bg7+ Kf7 50.
Bd4 Ke6 51. Rg6+ Kd5 52. Rg5+ Ke4 53. Kg3 Rb3 54. Rg4+ Kd5 55. Rg5+ Kc4 56. Rg4 Nxc5 57. Kg2 Kd5 58. Rg5+ Kxd6 0-1

[Event "*** Titled Tuesday Blitz"]
[Site "Chess.com"]
[Date "2021.03.02"]
[Round "11"]
[White "Darius321"]
[Black "shaheus"]
[Result "0-1"]
[WhiteElo "2287"]
[BlackElo "2418"]
[TimeControl "180+1"]
[EndTime "12:09:49 PST"]
[Termination "shaheus won by resignation"]

1. e4 c5 2. Nf3 Nc6 3. Bb5 g6 4.
O-O Bg7 5. Re1 Nf6 6. c3 O-O 7.
h3 a6 8. Bxc6 dxc6 9. d4 cxd4 10. cxd4 Nd7 11. Nc3 e5 12. Bg5 Qb6 13. Na4 Qa5 14. a3 exd4 15. Be7 Re8 16. Bb4 Qb5 17. Rc1 a5 18. Bd6 Nf8 19. Nxd4 Qa6 20. Nc5 Qa7 21.
e5 Ne6 22. Ncxe6 Bxe6 23. Nxe6 Rxe6 24. Qf3 Rae8 25. Qf4 Qb6 26. b4 axb4 27. axb4 Qb5 28. Re3 Qd5 29. Rce1 h5 30. Rf3 Rxd6 31. Qxf7+ Qxf7 32. Rxf7 Kxf7 33. exd6 Rxe1+ 34. Kh2 Be5+ 35. g3 Bxd6 36.
f4 Ke6 37. h4 Re2+ 38. Kh3 Kf5 39. b5 Re3 40. b6 Bxf4 41. Kg2 Rxg3+ 42. Kf2 Rb3 43. Ke2 Rxb6 44. Kf2 Rb3 45. Kg2 c5 46. Kf2 c4 47. Ke2 Rd3 48. Ke1 Rd2 49. Kf1 c3 0-1

[Event "*** Titled Tuesday Blitz"]
[Site "Chess.com"]
[Date "2021.03.02"]
[Round "11"]
[White "Vugar_Manafov"]
[Black "Chopper1905"]
[Result "1-0"]
[WhiteElo "2653"]
[BlackElo "2911"]
[TimeControl "180+1"]
[EndTime "12:09:50 PST"]
[Termination "Vugar_Manafov won by checkmate"]

1. Nf3 c5 2. g3 Nc6 3. Bg2 g6 4. O-O Bg7 5. d3 e5 6. Nc3 Nge7 7. e4 d6 8. Nd2 O-O 9. f4 Nd4 10. Nc4 Be6 11. Ne3 Qd7 12. Ne2 f5 13. c3 Nxe2+ 14.
Qxe2 Rae8 15. Bd2 b5 16. Rf2 a5 17. a3 a4 18. Raf1 exf4 19. Rxf4 d5 20. exf5 Nxf5 21.
Nxf5 Bxf5 22. Qf3 Be6 23. Re1 Rxf4 24. Bxf4 Bf7 25. Rxe8+ Qxe8 26. Bd6 Qc6 27. Be7 Qc7 28. Bf6 Qd6 29. Bxg7 Kxg7 30. Qe3 d4 31. cxd4 cxd4 32. Qe4 Qc5 33. Qe2 Kf6 34. Be4 Bb3 35. Kg2 Qc1 36. Qf2+ Ke5 37. Qf8 Qxb2+ 38. Kh3 Be6+ 39.
g4 Qc3 40. Qh8+ Kd6 41. Qd8+ Bd7 42. Qf6+ Kc7 43. Qe5+ Kb6 44. Qb8+ Ka6 45. Qb7+ Ka5 46. Qa7# 1-0

[Event "*** Titled Tuesday Blitz"]
[Site "Chess.com"]
[Date "2021.03.02"]
[Round "11"]
[White "DFeco"]
[Black "MateusViageiro"]
[Result "0-1"]
[WhiteElo "2263"]
[BlackElo "2360"]
[TimeControl "180+1"]
[EndTime "12:09:50 PST"]
[Termination "MateusViageiro won on time"]

1. c4 c5 2. g3 Nc6 3. Bg2 g6 4. Nc3 Bg7 5. a3 d6 6. Nf3 e5 7.
O-O Be6 8. d3 h6 9. Rb1 a5 10.
Ne1 Nge7 11. Nc2 d5 12. cxd5 Nxd5 13. Ne3 Nce7 14. Nc4 O-O 15. Bd2 Nxc3 16. Bxc3 Qc7 17. Qa4 Bxc4 18. Qxc4 a4 19. Rbc1 Ra7 20. f4 b6 21. fxe5 Bxe5 22. Rf3 Qd6 23. Rcf1 Nf5 24. e4 Bd4+ 25. Bxd4 Nxd4 26. Rf6 Ne6 27. Bh3 Qd4+ 28.
Qxd4 Nxd4 29. Rxb6 Rd8 30. Kf2 Kg7 31. Rc1 Nb3 32.
Rc3 g5 33. Ke3 h5 34. Bf5 Re8 35. Rc2 Re5 36. Bc8 Re8 37. Ba6 Rae7 38. Bb5 Rd8 39.
Bxa4 Nd4 40. Rf2 f5 41. Bd1 c4 42. dxc4 Rxe4+ 0-1

[Event "*** Titled Tuesday Blitz"]
[Site "Chess.com"]
[Date "2021.03.02"]
[Round "11"]
[White "rasmussvane"]
[Black "Susal_De_Silva"]
[Result "1-0"]
[WhiteElo "2951"]
[BlackElo "2656"]
[TimeControl "180+1"]
[EndTime "12:09:52 PST"]
[Termination "rasmussvane won by checkmate"]

1. Nf3 Nf6 2. g3 b6 3. Bg2 Bb7 4. O-O g6 5. d4 Bg7 6. c4 O-O 7.
Re1 e6 8. Qc2 Be4 9. Qd2 Bb7 10.
Qc2 Be4 11. Qb3 Nc6 12. Qd1 d5 13. cxd5 exd5 14. Nc3 Re8 15. Bf4 Nh5 16. Be3 Qd7 17. Rc1 Nf6 18. Ne5 Nxe5 19. dxe5 Rxe5 20. Bd4 Re7 21. Bxf6 Bxf6 22. Bxe4 dxe4 23. Nd5 Qd6 24. Nxe7+ Qxe7 25. Qc2 c5 26. e3 h5 27. h3 Re8 28.
Rcd1 Qe5 29. b3 Qf5 30. Kg2 Qf3+ 31. Kg1 Qf5 32. h4 g5 33. hxg5 Bxg5 34. Qe2 Bf6 35. Kg2 Kg7 36. Rh1 Rh8 37. Rh3 h4 38. Rdh1 Rh6 39. Kf1 b5 40. gxh4 Rg6 41. h5 Rh6 42. Rg3+ Kh7 43. Qg4 Qxg4 44. Rxg4 c4 45. bxc4 bxc4 46.
Rxe4 c3 47. Ke2 Bg7 48. Ra4 Rb6 49. Rc1 Rb2+ 50. Kf3 Rb5 51. Rxa7 Rxh5 52. Rxf7 Kg6 53. Rc7 Rf5+ 54. Ke2 Ra5 55. R7xc3 Bxc3 56. Rxc3 Rxa2+ 57. Kf3 Kf5 58. Rc5+ Ke6 59. Rh5 Ra4 60. e4 Ra2 61.
Ke3 Ra3+ 62. Kf4 Ra8 63. f3 Rf8+ 64. Ke3 Ra8 65. Rh6+ Ke5 66. f4# 1-0

[Event "*** Titled Tuesday Blitz"]
[Site "Chess.com"]
[Date "2021.03.02"]
[Round "11"]
[White "DLR7"]
[Black "chessdjw"]
[Result "1/2-1/2"]
[WhiteElo "2637"]
[BlackElo "2735"]
[TimeControl "180+1"]
[EndTime "12:09:52 PST"]
[Termination "Game drawn by repetition"]

1. e4 e5 2. Nf3 Nc6 3. Bc4 Bc5 4. b4 Bxb4 5. c3 Be7 6. d4 Na5 7. Bd3 d6 8. dxe5 dxe5 9. Nxe5 Nf6 10. O-O O-O 11.
Qc2 Nd7 12. Nxd7 Qxd7 13. Bf4 Rd8 14. Be2 Qc6 15. Nd2 Be6 16. Nf3 Bc4 17. Ne5 Qc5 18. Nxc4 Nxc4 19. Qb3 Nd2 20. Bxd2 Rxd2 21. Bc4 Rad8 22.
Bxf7+ Kh8 23. g3 Qe5 24. Qe6 Qxe6 25. Bxe6 Bc5 26. Bc4 Rf8 27. Kh1 Rfxf2 28. Rxf2 Bxf2 29. e5 g6 30. Rf1 Kg7 31. e6 Bc5 32. e7 Bxe7 33. Rf7+ Kh6 34. Rxe7 b5 35. Bxb5 Rxa2 36. Rxc7 a5 37. Ra7 Ra3 38. c4 Kg5 39. Kg2 h5 40. h4+ Kf5 41. c5 Ke4 42. c6 Ra2+ 43. Kh3 Kf3 44. c7 Rc2 45. Bd7 Rc1 46. Kh2 Rc2+ 47. Kg1 Rc1+ 48. Kh2 Rc2+ 49. Kh3 Rc1 50. Kh2 1/2-1/2

[Event "*** Titled Tuesday Blitz"]
[Site "Chess.com"]
[Date "2021.03.02"]
[Round "11"]
[White "juancruzarias"]
[Black "VFernandezB"]
[Result "0-1"]
[WhiteElo "2613"]
[BlackElo "2509"]
[TimeControl "180+1"]
[EndTime "12:09:52 PST"]
[Termination "VFernandezB won by resignation"]

1. d4 Nf6 2. Nf3 g6 3. Bg5 Bg7 4. Nbd2 d5 5. e3 O-O 6. Be2 c5 7.
c3 Nc6 8. O-O Ne4 9. Nxe4 dxe4 10.
Nd2 cxd4 11. cxd4 h6 12. Bh4 f5 13. Bc4+ Kh7 14. f4 Nxd4 15. exd4 Qxd4+ 16. Kh1 e3 17. Bb3 exd2 18. Rf2 Rd8 19. Re2 Qxf4 20. Bxe7 Rd3 21.
Bc2 Rd7 22. Bc5 Be5 23. g3 Qf3+ 24. Rg2 Qd5 25. Bf2 b6 26. Bb3 Qc6 27. Qf1 Bb7 28.
Rd1 Bxb2 29. Kg1 Re8 30. g4 Qxg2+ 31. Qxg2 Bxg2 32. Kxg2 Re4 33. gxf5 gxf5 34. Kf3 Rd3+ 35. Kg2 Bd4 36. Bc2 Rg4+ 37. Kh1 Rf3 38. Bxd4 Rxd4 39. Kg2 Rc3 40. Bb3 Rc1 41. Kf3 Rxd1 42. Bxd1 Kg6 43.
Ke3 Rh4 44. Kxd2 Rxh2+ 45. Ke3 Rxa2 46. Bb3 Ra3 47. Kf3 Rxb3+ 48. Kf4 Rb4+ 49. Kg3 Re4 50. Kf3 a5 51. Kg3 a4 0-1

[Event "*** Titled Tuesday Blitz"]
[Site "Chess.com"]
[Date "2021.03.02"]
[Round "11"]
[White "tgpgoat"]
[Black "Mbneu"]
[Result "0-1"]
[WhiteElo "2124"]
[BlackElo "2312"]
[TimeControl "180+1"]
[EndTime "12:09:54 PST"]
[Termination "Mbneu won by resignation"]

1. d4 Nf6 2. Bf4 c5 3. c3 b6 4. Nf3 g6 5. Nbd2 Bg7 6. e3 O-O 7. h3 d6 8. Bd3 Ba6 9. Bxa6 Nxa6 10. O-O Qd7 11. Re1 Rfe8 12. Nc4 b5 13. Ncd2 b4 14.
cxb4 Nxb4 15. dxc5 Nd3 16. Rf1 Nxf4 17. exf4 dxc5 18.
Ne5 Qf5 19. Qb3 Nh5 20. g3 Bxe5 21. fxe5 Qxe5 22. Nc4 Qc7 23. Rad1 Rab8 24. Qe3 Red8 25. b3 Rd7 26. Rxd7 Qxd7 27. Qxc5 Rc8 28. Qe3 Qxh3 29. Qxa7 Nxg3 30. fxg3 Qxg3+ 31. Kh1 Qh4+ 32. Kg2 Qg5+ 33. Kh2 Rc5 34. Qb8+ Kg7 35. Qg3 Qh5+ 36. Qh3 Qe2+ 37.
Qg2 Rh5+ 38. Kg1 Qe6 39. Rf3 Qe1+ 40. Rf1 Qh4 41. Rf3 Rg5 42. Rf2 Rxg2+ 43. Rxg2 Qd4+ 44. Rf2 g5 45. Kg2 h5 46. a4 h4 47. a5 g4 48.
Rd2 Qe4+ 49. Kh2 Qf4+ 50. Kg2 Qf3+ 51. Kg1 h3 52. Rb2 g3 53. Nd2 Qf2+ 0-1

[Event "*** Titled Tuesday Blitz"]
[Site "Chess.com"]
[Date "2021.03.02"]
[Round "11"]
[White "ural58"]
[Black "RaphCamora"]
[Result "1-0"]
[WhiteElo "2550"]
[BlackElo "2388"]
[TimeControl "180+1"]
[EndTime "12:09:55 PST"]
[Termination "ural58 won on time"]

1. e4 c5 2. b3 g6 3. Bb2 Nf6 4. e5 Nd5 5. Nc3 Nc7 6. d4 cxd4 7. Qxd4 Nc6 8. Qe3 Bg7 9. Nf3 O-O 10. O-O-O f6 11. Bc4+ e6 12. Nb5 Nxb5 13. Bxb5 fxe5 14. Bxc6 bxc6 15. Bxe5 Bxe5 16. Qxe5 Qf6 17. Rd2 d5 18. Re1 Qxe5 19. Nxe5 c5 20. g3 Rf5 21. f4 a5 22.
Ng4 Kg7 23. Ne3 Rf7 24. a4 Ba6 25. Ng4 Bc8 26. Ne5 Rb7 27. Nf3 Ra6 28. Rde2 h6 29. Nd2 Rc6 30. Re5 Rb4 31. c3 Rb7 32. Kc2 Rcb6 33.
Rb1 Bd7 34. Ree1 c4 35. bxc4 Bxa4+ 36. Kd3 Rb2 37. Rxb2 Rxb2 38. cxd5 exd5 39. Re7+ Kf6 40. Ra7 Bc2+ 41. Ke3 a4 42. Kd4 Bf5 43. Nf3 Rf2 44. Ne5 Rxh2 45. Ra6+ Ke7 46. Rxa4 Rg2 47. Kxd5 Rxg3 48. Ra7+ Kd8 49. c4 Rg1 50. Nf7+ Kc8 51. Nxh6 1-0

[Event "*** Titled Tuesday Blitz"]
[Site "Chess.com"]
[Date "2021.03.02"]
[Round "11"]
[White "LuisFSiles"]
[Black "FMalexhdez"]
[Result "1-0"]
[WhiteElo "2314"]
[BlackElo "2172"]
[TimeControl "180+1"]
[EndTime "12:09:55 PST"]
[Termination "LuisFSiles won by resignation"]

1. e4 c5 2. Nf3 d6 3. d4 cxd4 4.
Nxd4 Nf6 5. Nc3 a6 6. Be3 e5 7.
Nf3 h6 8. Bc4 Be7 9. a4 Be6 10.
Bxe6 fxe6 11. Nh4 O-O 12. Ng6 Rf7 13. a5 Nbd7 14. Qd2 Nf8 15. Nxe7+ Rxe7 16. Bb6 Qd7 17. Rd1 Ne8 18. O-O Qc6 19. Qe2 Nd7 20. Be3 Nc5 21. Bxc5 Qxc5 22. Rd3 Qxa5 23. Rfd1 Rd8 24. Qg4 Nf6 25. Qg6 Qc7 26. Rg3 Kf8 27. Rdd3 Rf7 28. Rdf3 Ke7 29. h4 Rdf8 30. Rd3 Qc6 31. Rgf3 d5 32. exd5 Nxd5 33. Nxd5+ exd5 34. Rxf7+ Rxf7 35. Qg3 e4 36. Rc3 Qd6 37. Rc7+ Ke6 38. Qg4+ Kf6 39.
Rd7 Qe6 40. Rxf7+ Qxf7 41. h5 Qe6 42. Qg6+ Ke7 43. Qxg7+ Kd6 44. Qxb7 d4 45. Qxa6+ Ke5 46. Qxe6+ Kxe6 47. Kf1 Kf5 48. Ke2 Kg4 49. f3+ Kxh5 50.
fxe4 Kg6 51. Kd3 Kf6 52. Kxd4 1-0

[Event "*** Titled Tuesday Blitz"]
[Site "Chess.com"]
[Date "2021.03.02"]
[Round "11"]
[White "Zemerovv"]
[Black "KruHor"]
[Result "1-0"]
[WhiteElo "2337"]
[BlackElo "2538"]
[TimeControl "180+1"]
[EndTime "12:09:56 PST"]
[Termination "Zemerovv won by resignation"]

1. d4 Nf6 2. Nf3 d5 3. Nbd2 Bf5 4. b4 e5 5. dxe5 Ne4 6. Nxe4 dxe4 7. Qxd8+ Kxd8 8. Bg5+ Kc8 9. O-O-O Bxb4 10. Nd4 Bd7 11.
Kb2 Re8 12. f4 exf3 13. Nxf3 Nc6 14. Bf4 Bg4 15. c3 Bc5 16. e3 a6 17. Rd5 b6 18.
Bd3 h6 19. Be4 Rb8 20. Kc2 Ne7 21. Rd3 g5 22. Bg3 Bf5 23. Bxf5+ Nxf5 24. e4 Nxg3 25. hxg3 g4 26. Nd4 Kb7 27. Rxh6 Rh8 28. Rf6 Rbe8 29. e6 Bxd4 30. exf7 Bxf6 31. fxe8=Q Rxe8 32. Re3 Be5 33. Kd3 Rf8 34. Ke2 Kc6 35. Rd3 Kc5 36. Rd5+ Kc4 37.
Rxe5 Kxc3 38. Re7 c5 39. Ke3 Rd8 40. e5 c4 41. e6 b5 42. Rc7 Rd6 43. e7 Re6+ 44.
Kf4 Kb2 45. Kxg4 c3 46. Kf5 Re2 47. g4 c2 48. Kf6 b4 49. g5 a5 50. g6 Rf2+ 51.
Ke6 c1=Q 52. Rxc1 Kxc1 53. g7 Rxg2 54. e8=Q Re2+ 55. Kf7 Rxe8 56. Kxe8 1-0

[Event "*** Titled Tuesday Blitz"]
[Site "Chess.com"]
[Date "2021.03.02"]
[Round "11"]
[White "arminmusovic"]
[Black "Forantes"]
[Result "0-1"]
[WhiteElo "2523"]
[BlackElo "2441"]
[TimeControl "180+1"]
[EndTime "12:09:58 PST"]
[Termination "Forantes won by checkmate"]

1. a3 e5 2. Nc3 Nf6 3. d4 exd4 4. Qxd4 Nc6 5. Qa4 Bc5 6. Bg5 h6 7. Bh4 Be7 8. O-O-O d6 9. e4 Bd7 10. f4 Ng4 11.
Bxe7 Qxe7 12. Nd5 Qd8 13. Nh3 O-O 14. Bd3 a6 15. Qb3 Nd4 16. Qxb7 c6 17. Nb6 Rb8 18.
Qxd7 Qxb6 19. Qxg4 Qxb2+ 20. Kd2 Rb3 21. Ke1 Rxd3 22. cxd3 Nc2+ 23. Kf2 Qd4+ 24. Kg3 Ne3 25. Qf3 f5 26. Rhe1 Nxd1 27. Rxd1 Rf6 28. exf5 Rxf5 29.
Qe4 Qf6 30. Rb1 Qg6+ 31. Kf2 Kh7 32. Rb7 d5 33. Qf3 Rf6 34. g3 c5 35. Kg2 c4 36.
Qxd5 cxd3 37. Rd7 d2 38. Qxd2 Qe4+ 39. Kg1 Rc6 40. Qd3 Rc1+ 41. Kf2 Rc2+ 42. Qxc2 Qxc2+ 43. Kf3 Qc6+ 44. Kf2 Qxd7 45. Ng1 Qd2+ 46. Kf1 Qc3 47. Ne2 Qxa3 48. Kf2 Qc5+ 49. Kf3 a5 50. f5 a4 51. g4 a3 52. Ng3 a2 53. Ne4 Qd5 54. Kf4 a1=Q 55. Ng3 Qae5# 0-1

[Event "*** Titled Tuesday Blitz"]
[Site "Chess.com"]
[Date "2021.03.02"]
[Round "11"]
[White "ShahMatKanal"]
[Black "kai_nov"]
[Result "1-0"]
[WhiteElo "2490"]
[BlackElo "2393"]
[TimeControl "180+1"]
[EndTime "12:09:58 PST"]
[Termination "ShahMatKanal won on time"]

1. Nf3 d5 2. c4 d4 3. g3 Nc6 4.
Bg2 e5 5. d3 Nf6 6. Na3 Bc5 7.
Nc2 a5 8. a3 O-O 9. O-O Re8 10.
Rb1 a4 11. Bd2 Qd6 12. Ng5 h6 13. Ne4 Nxe4 14. dxe4 Be6 15. Ne1 Bxc4 16. Nd3 Bxd3 17. exd3 b5 18. f4 b4 19. Qh5 Rab8 20. Rbc1 bxa3 21.
bxa3 Rb2 22. fxe5 Nxe5 23. Bf4 Re7 24. Bxe5 Qxe5 25. Rxc5 Qxh5 26. Rxh5 Rb3 27. Rd5 Rxd3 28. e5 g6 29. Ra1 Kg7 30. Bf1 Rd2 31. Rc5 h5 32.
Rac1 Ra2 33. Rxc7 Rxe5 34. Rxf7+ Kh6 35. Bc4 Rxa3 36. Rb1 Rc3 37. Bf1 h4 38. Rbb7 hxg3 39. Rh7+ Kg5 40. h4+ Kg4 41. Rbg7 Re1 42. Rxg6+ Kf5 43.
Rg5+ Kf6 44. Rh6+ Kf7 45. Rf5+ Kg7 46. Rhh5 1-0

[Event "*** Titled Tuesday Blitz"]
[Site "Chess.com"]
[Date "2021.03.02"]
[Round "11"]
[White "Problematique_99"]
[Black "Sjakkerntobi"]
[Result "1-0"]
[WhiteElo "2458"]
[BlackElo "2343"]
[TimeControl "180+1"]
[EndTime "12:09:59 PST"]
[Termination "Problematique_99 won by checkmate"]

1. e4 c5 2. Nc3 d6 3. f4 g6 4. Nf3 Bg7 5. Bb5+ Bd7 6. a4 Bxb5 7. axb5 Nf6 8. d3 O-O 9. O-O a6 10. Qe1 Nbd7 11. bxa6 Rxa6 12. Rxa6 bxa6 13. Qh4 e6 14.
f5 Re8 15. fxe6 fxe6 16. Ng5 Ne5 17. Qh3 Qe7 18. Ne2 h5 19. Nf4 Nfg4 20. Nfxe6 Bf6 21.
Qg3 Nf7 22. Nxf7 Qxf7 23. Nf4 g5 24. Nd5 Bd4+ 25. Be3 Nxe3 26. Nxe3 Qg7 27. Rf5 Re5 28. c3 Rxf5 29. exf5 Bxe3+ 30. Qxe3 Qe5 31. Qxe5 dxe5 32. Kf2 Kg7 33. g4 Kf6 34. h3 hxg4 35. hxg4 Ke7 36. Ke3 Kd7 37. Ke4 Kd6 38. c4 a5 39. b3 Kc6 40.
Kxe5 Kb6 41. f6 a4 42. bxa4 Ka5 43. f7 Kb4 44. f8=Q Kc3 45. Qxc5 Kxd3 46. Qd5+ Ke3 47.
c5 Kf2 48. c6 Kg3 49. c7 Kh3 50. c8=Q Kg3 51. Qc3+ Kh4 52. Qh1+ Kxg4 53. Qhh3# 1-0